Map: Simulacrum LE

Players

LiquidTaeJa (TaeJa)

  • Race: Terran Terran
  • League: Grandmaster
  • Spawn Location: 5:00

TSGTYTY (TY) - Winner!

  • Race: Terran Terran
  • League: Grandmaster
  • Spawn Location: 11:00

VOD

Have the link to the VOD?

Description

Time

  • Played on: Jan. 9, 2020, 5:28 a.m.
  • Length: 20:52
Show
View Real Time Build Order
Export as new Build Order

LiquidTaeJa Terran 

Build Orders: Mech 

Get SALT Encoding   

  12  0:00  SCV  
  13  0:12  SCV  
  14  0:17  Supply Depot  
  14  0:25  SCV  
  14  0:27  Refinery  
  15  0:38  SCV  
  16  0:44  Barracks  
  16  0:50  SCV  
  16  0:56  Refinery  
  17  1:02  SCV  
  18  1:14  SCV  
  19  1:30  Orbital Command  
  19  1:32  Factory  
  19  1:35  Reaper  
  20  1:43  Supply Depot  
  20  1:57  SCV  
  21  2:07  Reaper  
  22  2:09  SCV  
  23  2:16  Hellion  
  23  2:21  SCV  
  26  2:28  Command Center  
  26  2:35  SCV  
  27  2:38  Hellion  
  27  2:40  Marine  
  29  2:44  Supply Depot  
  29  2:47  SCV  
  30  2:58  Starport  
  30  2:59  SCV, Barracks Tech Lab  
  31  3:06  Hellion  
  31  3:11  SCV  
  34  3:23  SCV  
  35  3:33  Cyclone  
  38  3:37  SCV, Fusion Core  
  38  3:40  Orbital Command  
  39  3:43  Refinery  
  39  3:45  Starport Tech Lab  
  39  3:49  SCV  
  39  3:53  Refinery  
  40  4:01  SCV  
  41  4:05  SCV, Supply Depot  
  42  4:13  SCV  
  43  4:17  SCV  
  44  4:25  SCV  
  44  4:26  Battlecruiser  
  44  4:29  SCV  
  52  4:33  Supply Depot  
  52  4:37  SCV  
  52  4:41  SCV  
  52  4:44  Weapon Refit  
  53  4:50  SCV  
  54  4:54  SCV  
  54  4:56  Siege Tank  
  58  5:04  SCV  
  58  5:06  SCV  
  60  5:09  Command Center  
  60  5:12  Supply Depot  
  60  5:16  SCV  
  60  5:18  SCV  
  62  5:30  Battlecruiser  
  62  5:32  SCV x2  
  70  5:37  Supply Depot  
  70  5:44  SCV  
  70  5:45  SCV  
  72  5:50  Factory  
  72  5:51  Factory  
  72  5:57  SCV x2  
  74  6:08  Barracks Reactor  
  74  6:09  SCV x2, Siege Tank  
  73  6:12  Armory  
  73  6:16  Armory  
  73  6:21  SCV x2  
  75  6:29  Orbital Command  
  75  6:33  SCV x2  
  75  6:35  Battlecruiser  
  75  6:37  Factory Tech Lab  
  83  6:42  Engineering Bay  
  83  6:45  SCV x2  
  85  6:49  Orbital Command  
  85  6:51  Refinery  
  85  6:56  Refinery  
  85  6:57  SCV, Hellion x2, Siege Tank  
  85  6:58  SCV  
  85  6:59  Siege Tank  
  85  7:00  Supply Depot  
  97  7:10  SCV x2  
  97  7:14  SCV  
  100  7:15  Missile Turret  
  100  7:22  SCV x2, Hellion x2  
  106  7:24  Supply Depot  
  106  7:25  Supply Depot  
  106  7:26  SCV, Supply Depot  
  106  7:28  Terran Vehicle And Ship Armor Level 1, Terran Vehicle Weapons Level 1  
  107  7:34  SCV x2  
  109  7:45  SCV  
  109  7:46  SCV, Battlecruiser  
  109  7:50  Supply Depot  
  117  7:52  Hellion x2  
  121  8:08  SCV x3  
  121  8:10  Siege Tank  
  121  8:11  Command Center, Siege Tank  
  130  8:17  Factory x2  
  130  8:20  SCV, Missile Turret  
  130  8:22  Missile Turret, Infernal Pre-Igniter  
  130  8:23  Hellion x2  
  135  8:30  Supply Depot x2  
  133  8:43  Siege Tank x2  
  133  8:44  Hellion  
  133  8:46  Missile Turret  
  141  8:50  Sensor Tower  
  141  8:52  Supply Depot, Hellion  
  141  8:53  Supply Depot  
  143  9:03  Missile Turret, Supply Depot  
  143  9:07  Factory Reactor  
  143  9:08  Factory Tech Lab  
  139  9:11  Hellion  
  139  9:13  Hellion  
  142  9:22  Siege Tank x2  
  148  9:27  Refinery, Command Center  
  148  9:30  Refinery  
  148  9:33  Siege Tank  
  148  9:36  Command Center  
  148  9:37  SCV x3  
  154  9:40  Starport Reactor  
  154  9:44  Hellion  
  154  9:45  Terran Vehicle Weapons Level 2, Hellion x3  
  162  9:47  Terran Vehicle And Ship Armor Level 2  
  162  9:49  SCV  
  163  9:55  Planetary Fortress  
  157  10:02  Missile Turret  
  157  10:07  Hellion, Siege Tank x3  
  152  10:16  Hellion x3  
  156  10:21  SCV, Missile Turret  
  156  10:22  SCV x2, Missile Turret  
  156  10:26  Sensor Tower  
  159  10:33  Factory  
  159  10:34  Factory  
  159  10:36  Factory  
  159  10:39  Orbital Command  
  159  10:50  Missile Turret  
  159  10:53  Thor  
  165  10:59  Thor  
  171  11:04  Thor  
  171  11:10  Planetary Fortress  
  177  11:18  Thor, Factory Reactor  
  181  11:21  Factory Tech Lab  
  181  11:25  Hellion x3  
  187  11:33  Refinery  
  187  11:35  Refinery  
  187  11:37  Thor  
  187  11:41  Thor  
  187  11:44  SCV x3  
  187  11:45  SCV x2  
  198  11:49  Smart Servos  
  198  11:56  SCV  
  193  12:03  Terran Vehicle Weapons Level 3, Terran Vehicle And Ship Armor Level 3  
  193  12:05  Hellion x3  
  193  12:07  Hellion x2  
  195  12:24  Sensor Tower  
  195  12:26  Cyclone  
  195  12:27  Mag-Field Accelerator  
  198  12:40  Missile Turret x2  
  198  12:42  Command Center  
  198  12:59  Thor  
  198  13:03  Cyclone  
  199  13:18  Thor  
  193  13:41  Thor  
  196  13:52  Thor  
  196  13:54  Thor x2, Hellion x4  
  195  13:57  Viking x2, Hellion  
  195  14:01  Thor  
  198  14:08  Hellion  
  191  14:15  Hellion  
  187  14:24  Thor, Hellion x2  
  187  14:25  Hellion  
  198  14:40  Terran Ship Weapons Level 1  
  198  14:44  Factory  
  198  14:58  Missile Turret  
  182  15:31  Thor x3  
  182  15:32  Thor, Siege Tank  
  182  15:33  Hellion x2  
  134  15:53  Hellion x3  
  140  16:01  Missile Turret  
  140  16:02  Missile Turret  
  140  16:04  Siege Tank  
  140  16:06  Command Center  
  140  16:07  Factory Tech Lab, Command Center  
  140  16:08  Hellion x3  
  149  16:14  Siege Tank x2  
  154  16:21  Siege Tank  
  154  16:22  Siege Tank  
  154  16:23  Hellion x3  
  166  16:38  Siege Tank x2  
  166  16:39  Hellion x2  
  176  16:55  Siege Tank x3  
  176  16:56  Siege Tank  
  176  17:00  Refinery  
  176  17:01  Hellion x4  
  196  17:02  Refinery  
  194  17:18  Siege Tank x2  
  192  17:27  Siege Tank x2  
  197  17:32  Siege Tank  
  197  17:33  Siege Tank  
  191  17:53  Siege Tank  
  197  18:02  Thor  
  197  18:05  Thor x2  
  168  18:14  Hellion x4  
  168  18:17  Terran Ship Weapons Level 2  
  140  18:26  Thor  
  143  18:29  Thor x2  
  143  18:31  Hellion x2  
  141  18:37  Hellion  
  141  18:38  Hellion  
  142  18:43  Hellion x2  
  142  18:44  Thor  
  142  18:48  Thor x2  
  148  18:49  Command Center  
  148  18:57  Hellion x2  
  151  19:04  Starport Tech Lab  
  151  19:09  Thor  
  149  19:12  Thor x2  
  149  19:13  Hellion  
  149  19:14  Hellion  
  165  19:21  SCV x2  
  167  19:26  Sensor Tower  
  166  19:34  Thor  
  164  20:19  Hellion  
  132  20:22  Hellion x2  
  121  20:31  Hellion  
Show
View Real Time Build Order
Export as new Build Order

TSGTYTY Terran - Winner!

Build Orders:  

Get SALT Encoding   

  12  0:00  SCV  
  13  0:12  SCV  
  14  0:16  Supply Depot  
  14  0:24  SCV  
  15  0:38  SCV  
  15  0:39  Barracks  
  16  0:43  Refinery  
  16  0:50  SCV  
  17  1:00  Barracks  
  17  1:02  SCV  
  18  1:14  SCV  
  19  1:26  Reaper  
  19  1:27  Orbital Command  
  20  1:35  Supply Depot  
  20  1:47  Reaper  
  20  1:53  SCV  
  22  2:02  Reaper  
  22  2:05  SCV  
  24  2:15  Command Center  
  24  2:19  Marine, SCV  
  26  2:25  Supply Depot  
  26  2:34  Marine  
  27  2:37  Marine  
  27  2:39  SCV  
  27  2:43  Factory  
  29  2:51  SCV  
  29  2:52  Marine  
  29  2:53  Refinery  
  29  2:55  Marine  
  32  3:03  SCV  
  33  3:13  Barracks Reactor  
  33  3:16  SCV  
  34  3:24  Barracks Tech Lab  
  34  3:26  Factory Tech Lab  
  34  3:28  SCV  
  35  3:40  SCV  
  36  3:44  Orbital Command  
  36  3:45  Marine  
  36  3:46  Stimpack  
  37  3:50  Marine x2  
  37  3:52  SCV, Refinery  
  37  3:55  Cyclone  
  43  3:56  Engineering Bay  
  43  4:03  Marine  
  43  4:04  SCV  
  43  4:08  Marine x2  
  47  4:10  SCV  
  47  4:13  Supply Depot  
  47  4:16  SCV, Starport  
  49  4:22  SCV  
  49  4:23  Marine  
  51  4:26  Marine  
  51  4:28  SCV  
  53  4:34  SCV, Factory Reactor  
  53  4:36  Terran Infantry Weapons Level 1  
  53  4:37  Marine  
  55  4:41  SCV  
  55  4:44  Supply Depot  
  56  4:46  SCV  
  56  4:54  SCV  
  57  5:01  SCV, Command Center  
  57  5:06  SCV  
  59  5:13  SCV, Medivac x2  
  64  5:17  Supply Depot  
  64  5:18  SCV  
  68  5:25  SCV  
  69  5:30  SCV  
  69  5:32  Barracks  
  70  5:38  SCV  
  70  5:40  Marine x2  
  70  5:41  Marine  
  70  5:42  SCV  
  71  5:45  Viking  
  73  5:50  SCV  
  73  5:52  Viking  
  73  5:54  SCV  
  77  5:58  Marine  
  78  6:06  Marine, SCV x2, Supply Depot  
  78  6:07  Supply Depot  
  78  6:08  Supply Depot  
  78  6:12  Barracks Tech Lab  
  78  6:15  Viking  
  78  6:17  Orbital Command  
  80  6:18  Refinery  
  80  6:22  Viking  
  80  6:24  SCV  
  83  6:26  Marine x2  
  83  6:32  Marauder x2  
  89  6:35  Terran Infantry Armor Level 1  
  89  6:40  SCV x2  
  89  6:43  SCV  
  89  6:46  Command Center  
  92  6:47  Marine x2  
  92  6:48  Combat Shield  
  92  6:49  Concussive Shells  
  92  6:52  SCV  
  95  6:55  SCV, Supply Depot  
  95  6:56  SCV  
  95  6:57  Medivac x2  
  95  6:58  Marine  
  95  7:00  Marauder  
  104  7:04  SCV  
  104  7:08  SCV x2  
  107  7:12  Marine x2  
  109  7:16  SCV  
  109  7:18  Supply Depot x2  
  109  7:20  SCV  
  111  7:22  Marine  
  111  7:23  Marauder  
  111  7:25  SCV  
  111  7:26  Refinery  
  111  7:27  Viking x2, Refinery  
  111  7:28  SCV  
  119  7:32  SCV  
  118  7:37  Marine x2  
  118  7:41  SCV x2, Marauder  
  124  7:45  SCV  
  124  7:50  Supply Depot  
  125  7:53  SCV x2  
  125  7:55  Supply Depot, Barracks  
  125  7:56  Barracks  
  125  7:57  SCV  
  121  8:01  Marine x2  
  114  8:05  SCV x2, Medivac  
  114  8:06  Medivac, Orbital Command  
  114  8:09  SCV  
  122  8:14  Marauder x2  
  122  8:17  SCV, Starport  
  122  8:18  SCV, Marine  
  122  8:19  Marine, Starport  
  128  8:21  SCV  
  129  8:29  SCV  
  129  8:30  SCV  
  129  8:31  Sensor Tower  
  129  8:33  SCV  
  131  8:35  Viking, Marauder x2  
  131  8:36  Viking  
  131  8:39  Marine x2  
  141  8:42  SCV x2  
  141  8:44  SCV  
  141  8:45  SCV  
  141  8:46  Barracks Reactor, Barracks Tech Lab  
  145  8:51  Armory  
  145  8:53  Engineering Bay  
  145  8:54  SCV x2  
  147  8:57  Starport Tech Lab  
  147  8:59  Starport Tech Lab  
  147  9:01  SCV  
  148  9:04  Marine x2, Command Center  
  148  9:07  SCV, Refinery  
  148  9:08  Refinery  
  151  9:10  Viking x2  
  151  9:15  Marauder x2  
  151  9:16  Marauder  
  161  9:20  Raven x2  
  163  9:24  Marine  
  163  9:30  Missile Turret  
  165  9:31  Missile Turret  
  168  9:39  Terran Infantry Weapons Level 2  
  168  9:40  Terran Ship Weapons Level 1  
  168  9:42  Marine x7  
  169  9:47  Viking  
  171  9:54  Sensor Tower  
  171  10:06  Command Center  
  171  10:08  Marine  
  171  10:09  Command Center  
  171  10:12  Marine x5, Command Center  
  171  10:13  Marine  
  171  10:19  Terran Infantry Armor Level 2  
  171  10:22  SCV x3  
  171  10:24  Armory  
  171  10:25  SCV, Refinery  
  171  10:26  Marine, Refinery, Planetary Fortress  
  176  10:30  Marine x5  
  176  10:33  Raven x2  
  176  10:35  Marine  
  181  10:39  Fusion Core  
  185  10:43  Marine  
  185  10:47  Marine x2  
  185  10:52  SCV x2  
  185  10:54  Sensor Tower  
  187  10:57  Starport  
  187  11:00  Starport, Supply Depot  
  186  11:18  Terran Vehicle And Ship Armor Level 1  
  186  11:21  Orbital Command x2  
  186  11:29  Battlecruiser x2  
  182  11:44  Command Center  
  182  11:45  Corvid Reactor  
  182  11:47  Starport Tech Lab x2  
  182  11:52  Refinery  
  179  11:54  Terran Ship Weapons Level 2  
  179  11:56  Refinery, Weapon Refit  
  179  11:57  Barracks x2  
  179  11:59  SCV  
  178  12:02  Orbital Command  
  178  12:06  Missile Turret  
  178  12:07  Battlecruiser x2  
  189  12:12  SCV, Sensor Tower  
  190  12:30  Terran Infantry Weapons Level 3  
  196  12:37  Battlecruiser  
  196  12:42  Command Center  
  196  12:45  Terran Infantry Armor Level 3  
  193  13:01  Battlecruiser  
  193  13:04  Barracks Reactor, Barracks Tech Lab  
  193  13:17  Marine x4, Marauder x2  
  191  13:36  SCV x2, Rapid Reignition System  
  191  13:38  SCV  
  191  13:39  SCV  
  195  13:41  Battlecruiser  
  189  13:55  SCV x5  
  182  13:58  Orbital Command  
  178  14:07  SCV x2  
  180  14:14  SCV x3  
  171  14:21  Planetary Fortress  
  171  14:24  Marine x6, Marauder x3  
  171  14:25  Marauder  
  171  14:30  Sensor Tower  
  185  14:32  Missile Turret  
  185  14:34  Raven x2  
  187  14:41  Sensor Tower  
  187  14:42  Marine x6  
  193  14:46  Marauder x3  
  193  14:52  Marine  
  199  14:55  Barracks  
  199  14:56  Barracks  
  193  15:23  Raven x2  
  175  15:29  Marine x5, Marauder x2  
  175  15:30  Medivac  
  175  15:31  Marine, Medivac, Marauder  
  175  15:32  Marauder  
  161  15:37  Raven x2  
  161  15:40  SCV x2  
  144  15:44  SCV x4  
  144  15:46  SCV  
  144  15:47  Marine x5  
  144  15:49  Marine  
  145  15:50  Terran Vehicle And Ship Armor Level 2, Terran Ship Weapons Level 3  
  145  15:51  Marauder x2  
  145  15:52  SCV, Marine x2  
  156  16:04  Marine x2  
  156  16:05  Marine x3  
  156  16:06  Raven  
  156  16:07  Marine  
  156  16:09  Command Center  
  156  16:10  Marine x2, Battlecruiser  
  172  16:11  Marine x2  
  174  16:20  Battlecruiser x2  
  174  16:22  Marine  
  174  16:24  Marine x2  
  189  16:28  Marauder  
  189  16:29  Marauder  
  189  16:32  Marine x3, Marauder x2  
  195  16:40  Marine  
  195  16:44  Command Center  
  195  16:49  Battlecruiser  
  196  16:58  Marine x4  
  196  16:59  Command Center  
  191  17:24  Battlecruiser  
  179  17:37  Marine x4  
  179  17:38  Marine x2, Marauder x2  
  179  17:39  Marine x2  
  152  18:12  Medivac x2, Battlecruiser  
  159  18:13  Battlecruiser  
  159  18:16  Command Center  
  159  18:18  Marine x4  
  147  18:27  Marine x4, Command Center  
  147  18:28  Marine x2  
  147  18:30  Battlecruiser  
  147  18:31  SCV, Battlecruiser  
  147  18:32  SCV x2  
  151  18:36  Marine x2  
  151  18:37  SCV x3  
  155  18:44  Medivac x2  
  155  18:45  Marauder x2  
  155  18:47  Marauder  
  165  18:53  Marine x4, Marauder  
  165  18:54  Marine x2  
  173  19:01  SCV x3  
  176  19:03  SCV x2  
  176  19:07  Marauder x2  
  181  19:20  SCV x3  
  184  19:24  Raven x2  
  188  19:33  Marine  
  189  19:43  Raven  
  191  19:48  Planetary Fortress  
  191  19:52  Marine x2  
  191  19:54  Marine x2, Marauder  
  191  19:55  Marauder  
  168  20:23  SCV x2  
  176  20:28  Sensor Tower  
Tags
 
Add a new tag
Caveats
  • Supply blocks, unpowered buildings, or Contaminate may cause inaccurate times.
  • Supply counts are checked every 10 seconds.